 Dungeon Crawl Stone Soup version 0.27-a0-652-g2d5cf1dcd3 (webtiles) character file.

Game seed: 5148699302860737450

24 Gaff the Grasshopper (level 3, 0/36 HPs)
             Began as an Ogre Warper on Mar 16, 2021.
             Succumbed to an adder's poison
             ... on level 2 of the Dungeon.
             The game lasted 00:03:10 (1529 turns).

Gaff the Grasshopper (Ogre Warper)                  Turns: 1529, Time: 00:03:11

Health: 0/36       AC:  3    Str: 16    XL:     3   Next: 2%
Magic:  7/7        EV: 10    Int: 14    God:
Gold:   54         SH:  0    Dex:  8    Spells: 7/7 levels left

rFire    . . .     SeeInvis .   a - +0 mace
rCold    . . .     Faith    .   (no shield)
rNeg     . . .     Spirit   .   b - +0 robe
rPois    .         Reflect  .   (helmet restricted)
rElec    .         Harm     .   (no cloak)
rCorr    .         Rampage  .   (gloves unavailable)
Will     +....                  (boots unavailable)
Stlth    +.........             (no amulet)
HPRegen  0.12/turn              o - ring of willpower
MPRegen  0.10/turn              l - ring of flight

@: lethally poisoned (0 -> -8), invisible
A: large, unfitting armour, tough skin 1
a: Evoke Flight


You were on level 2 of the Dungeon.
You visited 1 branch of the dungeon, and saw 2 of its levels.

You collected 54 gold pieces.

Inventory:

Hand Weapons
 a - a +0 mace (weapon)
Missiles
 e - 5 boomerangs of dispersal (quivered)
 n - 7 datura-tipped darts
Armour
 b - a +0 robe (worn)
Jewellery
 l - a ring of flight (left hand)
 o - a ring of willpower (right hand)
Scrolls
 c - a scroll of enchant armour {unknown}
 d - a scroll of blinking
 h - 3 scrolls of identify {unknown}
 i - a scroll of amnesia {unknown}
 j - a scroll of teleportation {unknown}
 m - a scroll of random uselessness {unknown}
Potions
 f - a potion of haste {unknown}
 g - a potion of mutation {unknown}
 k - a potion of invisibility
 p - a potion of attraction {unknown}


   Skills:
 - Level 2.6 Fighting
 + Level 2.4 Maces & Flails
 - Level 1.0 Throwing
 + Level 2.6 Dodging
 - Level 2.6 Spellcasting
 - Level 2.6 Translocations


You had 7 spell levels left.
You didn't know any spells.
Your spell library contained the following spells:

 Spells                   Type           Power      Damage    Failure   Level
 Blink                    Tloc           N/A        N/A       11%         2
 Gell's Gravitas          Tloc           4%         N/A       22%         3
 Lesser Beckoning         Tloc           4%         N/A       22%         3
 Teleport Other           Tloc           9%         N/A       22%         3
 Manifold Assault         Tloc           9%         N/A       58%         4


Dungeon Overview and Level Annotations

Branches:
Dungeon (2/15)

Altars:


Innate Abilities, Weirdness & Mutations

You are too large for most types of armour.
You have tough skin. (AC +1)


Message History

* * * LOW HITPOINT WARNING * * *
The adder bites you but does no damage.
You hit the adder.
The adder is moderately wounded.
You feel sick.
A bat comes into view.
The adder bites you.
* * * LOW HITPOINT WARNING * * *
You are lethally poisoned!
The adder poisons you!
The bat moves out of view.
You barely miss the adder.
The adder is moderately wounded.
* * * LOW HITPOINT WARNING * * *
You feel sick. The adder closely misses you. The adder barely misses you.
You closely miss the adder.
The adder is moderately wounded.
* * * LOW HITPOINT WARNING * * *
You feel sick. The adder misses you. x2
You hit the adder.
The adder is heavily wounded.
* * * LOW HITPOINT WARNING * * *
You feel sick. The adder misses you.
You barely miss the adder.
The adder is heavily wounded.
* * * LOW HITPOINT WARNING * * *
You feel sick. The bat closely misses you. The adder bites you.
* * * LOW HITPOINT WARNING * * *
The adder closely misses you.
You hit the adder.
You kill the adder!
* * * LOW HITPOINT WARNING * * *
You feel sick. The bat hits you but does no damage. x2
You have reached level 3!
Your experience leads to an increase in your attributes!
Increase (S)trength, (I)ntelligence, or (D)exterity?
You feel stronger. x2
Okay, then.
It was a potion of invisibility.
You fade into invisibility!
You die...

............#
............ .
(..........# ..
...........# ...
..........# ....
#....... .....
#.....####......
+.....K@b.......
#.....######...(
....+..........+ .
....#.........##....
...............#......#
...............#......#
..............)#......
###......##.........#
###......##.........##


You could see a bat and a kobold.

Vanquished Creatures
  An adder (D:2)
  A ball python (D:1)
  4 bats (D:1)
  2 goblins (D:1)
  A hobgoblin (D:1)
  2 frilled lizards
  4 kobolds (D:1)
  A rat (D:1)
16 creatures vanquished.

Notes
Turn   | Place    | Note
-------+----------+-------------------------------------------
     0 | D:1      | Gaff the Ogre Warper began the quest for the Orb.
     0 | D:1      | Reached XP level 1. HP: 22/22 MP: 3/3
   550 | D:1      | Reached XP level 2. HP: 29/29 MP: 5/5
  1528 | D:2      | HP: 1/29 [poisoned by an adder]
  1529 | D:2      | Reached XP level 3. HP: 1/36 MP: 7/7
  1529 | D:2      | Succumbed to an adder's poison

Illustrated notes

Levels and vault maps discovered:
D:1:      dpeg_arrival_water_fire, layout_basic, minmay_tripent
D:2:      layout_basic, kennysheep_flooded_box

Skill      XL: |  1 |
---------------+----+-----
Maces & Flails | 2 |  2.4
Fighting       | |  2.6
Throwing       | |  1.0
Dodging        | |  2.6
Spellcasting   | |  2.6
Translocations | |  2.6

Action                   || total
-------------------------++-------
Melee: Mace              ||    63
  Use: Potion            ||     1
Armor: Robe              ||    16
Dodge: Dodged            ||    51

Table legend: (Time is in decaauts)
 A = Elapsed time spent in this place.
 B = Non-inter-level travel time spent in this place.
 C = Inter-level travel time spent in this place.
 D = Time resting spent in this place.
 E = Time spent auto-exploring this place.
 F = Levels seen in this place.
 G = Mean time per level.
                   A        B        C        D        E       F      G
               +--------+--------+--------+--------+--------+-----+--------+
         Total |   1546 |   1514 |     32 |    338 |   1000 |   2 |  773.0 |
       Dungeon |   1546 |   1514 |     32 |    338 |   1000 |   2 |  773.0 |
               +--------+--------+--------+--------+--------+-----+--------+

Top non-repeatable levels by time:
     D:1: 1449 daAuts
     D:2: 97 daAuts
